 Dungeon Crawl Stone Soup version 0.22-a0-388-g09e6169 (webtiles) character file.

28 Deathtrap2010 the Skirmisher (level 3, 0/20 HPs)
             Began as a Vine Stalker Abyssal Knight on Apr 29, 2018.
             Was a Follower of Lugonu.
             Killed from afar by a white imp (5 damage)
             ... with a puff of frost
             ... summoned by Natasha
             ... on level 2 of the Dungeon.
             The game lasted 00:04:01 (1158 turns).

Deathtrap2010 the Skirmisher (VSAK)                 Turns: 1158, Time: 00:04:02

Health: 0/20       AC:  6    Str: 14 (15) XL:     3   Next: 14%
Magic:  0/5        EV: 10    Int: 11 (12) God:    Lugonu [*.....]
Gold:   31         SH:  0    Dex: 10 (13) Spells: 3/3 levels left

rFire    . . .     SeeInvis .   a - +1 spear
rCold    . . .     Gourm    .   (no shield)
rNeg     . . .     Faith    .   e - +0 ring mail
rPois    .         Spirit   +   (no helmet)
rElec    .         Reflect  .   (no cloak)
rCorr    .         Harm     .   (no gloves)
MR       .....                  b - +0 pair of boots
Stlth    ..........             (no amulet)
HPRegen  0.06/turn              (no ring)
MPRegen  0.09/turn              (no ring)

@: slowed, very slow
A: fangs 2, magic shield, antimagic bite, no potion heal 3, rot immunity
a: Depart the Abyss, Renounce Religion


You were on level 2 of the Dungeon.
You worshipped Lugonu.
Lugonu was aware of your devotion.
You were not hungry.

You visited 1 branch of the dungeon, and saw 2 of its levels.
You visited the Abyss 1 time.

You collected 31 gold pieces.

Inventory:

Hand Weapons
 a - a +1 spear (weapon)
Armour
 b - a +0 pair of boots (worn)
 e - a +0 ring mail (worn)
Scrolls
 d - 2 scrolls of identify
Comestibles
 c - a ration


   Skills:
 * Level 3.2 Fighting
 * Level 2.1 Polearms
 * Level 1.7 Armour
 * Level 1.0 Dodging
 * Level 0.5 Spellcasting
 - Level 1.7 Invocations


You had 3 spell levels left.
You didn't know any spells.

Dungeon Overview and Level Annotations

Branches:
Dungeon (2/15)

Altars:

Annotations:
D:2 Natasha


Innate Abilities, Weirdness & Mutations

You have extremely sharp teeth.
When hurt, damage is shared between your health and your magic reserves.
Your bite disrupts and absorbs the magic of your enemies.
Potions cannot restore your health.
You are immune to rotting.


Message History

You barely miss Natasha. Your bite misses Natasha.
Natasha is moderately wounded.
Natasha wildly gestures.
Natasha's front paws start to glow.
Natasha stares at you and mumbles some strange words.
You feel yourself slow down. The white imp hits you. The white imp freezes you.
You closely miss Natasha. You bite Natasha.
Natasha's magic leaks into the air.
You drain her magic.
You feel invigorated.
Natasha is severely wounded.
Natasha claws you but does no damage. The white imp hits you.
The white imp freezes you.
* * * LOW HITPOINT WARNING * * *
Natasha casts a spell at you.
You feel as though you will be slow longer.
You hit Natasha but do no damage. Your bite misses Natasha.
Natasha is severely wounded.
The white imp grinds its teeth.
The white imp gestures at you. The puff of frost hits you!
You die...

# .# #.
##.#.# .
...#.#
#.#..#.#
.#..#.##
...#..
#.##.#
#<##.#####.#
#...5@h....#
####.#######
#.# #.. ####


You could see Natasha and a white imp.

Vanquished Creatures
  2 dart slugs (D:1)
  A leopard gecko (D:1)
  A giant cockroach (D:1)
  2 goblins (D:1)
  3 hobgoblins (D:1)
  6 kobolds (D:1)
  3 bats (D:1)
  4 frilled lizards (D:1)
22 creatures vanquished.

Notes
Turn   | Place    | Note
-------+----------+-------------------------------------------
     0 | Abyss:1  | Deathtrap2010 the Vine Stalker Abyssal Knight began the quest for the Orb.
     0 | Abyss:1  | Reached XP level 1. HP: 11/11 MP: 3/3
     2 | D:1      | Escaped the Abyss
    49 | D:1      | Reached skill level 3 in Fighting
    49 | D:1      | Reached XP level 2. HP: 3/16 MP: 1/4
   386 | D:1      | Reached * piety under Lugonu
   713 | D:1      | Reached skill level 1 in Dodging
   713 | D:1      | Reached XP level 3. HP: 19/20 MP: 5/5
  1149 | D:2      | Noticed Natasha
  1158 | D:2      | Killed from afar by a white imp

Vault maps used:
D:1:      minmay_arrival_glassed_features, serial_bayou_crossing
D:2:      nicolae_qazlal_eye_of_the_storm, fedhas_altar_fruit_tree,
          first_ration, uniq_natasha
Abyss:1:  gammafunk_corrupted_shrine

Skill      XL: |  1  2 |
---------------+-------+-----
Fighting       | 3 |  3.2
Polearms       | 2 |  2.1
Dodging        | 1 |  1.0
Armour         | |  1.7
Spellcasting   | |  0.5
Invocations    | |  1.7

Action                   || total
-------------------------++-------
Melee: Spear             ||    73
       Bite              ||     8
Invok: Depart the Abyss  ||     1
  Use: Scroll            ||     4
       Potion            ||     5
  Eat: Ration            ||     1
Armor: Leather armour    ||    11
       Ring mail         ||     1
Dodge: Dodged            ||    27

Table legend:
 A = Spawn XP
 B = Non-spawn XP
 C = Spawn XP percentage of total XP
 D = Spawn monster count
 E = Non-spawn monster count
 F = Spawn count percentage of total count
 G = Total turns spent on level
                    A         B        C        D         E        F      G
               +---------+---------+-------+---------+---------+-------+---------
         Total |       0 |      41 |   0.0 |       0 |      22 |   0.0 |  1158
               +---------+---------+-------+---------+---------+-------+---------
           D:1 |       0 |      41 |   0.0 |       0 |      22 |   0.0 |  1146
               +---------+---------+-------+---------+---------+-------+---------
